Map: Frost LE

Players

Schnetz - Winner!

  • Race: Zerg Zerg
  • League: Gold
  • Spawn Location: 1:00

Fropez

  • Race: Protoss Protoss
  • League: Gold
  • Spawn Location: 7:00

VOD

Have the link to the VOD?

Description

Time

  • Played on: Oct. 14, 2016, 8:53 p.m.
  • Length: 13:04
Show
View Real Time Build Order
Export as new Build Order

Schnetz Zerg - Winner!

Build Orders: Pool First 

Get SALT Encoding   

  12  0:12  Drone x2  
  14  0:22  Overlord  
  14  0:24  Extractor  
  14  0:25  Drone  
  14  0:28  Extractor  
  13  0:34  Drone  
  16  0:45  Drone  
  17  0:53  Spawning Pool  
  17  0:55  Drone  
  17  1:07  Drone  
  18  1:18  Hatchery  
  17  1:20  Drone  
  18  1:26  Extractor  
  18  1:27  Overlord  
  17  1:38  Drone  
  18  1:44  Queen  
  20  1:52  Zergling x2  
  21  2:01  Extractor, Drone  
  21  2:12  Drone  
  22  2:21  Overlord  
  22  2:28  Metabolic Boost  
  22  2:30  Drone  
  22  2:33  Drone  
  24  2:42  Drone  
  24  2:43  Drone  
  26  2:44  Roach Warren  
  26  2:50  Queen  
  27  2:52  Drone  
  27  2:55  Drone  
  27  2:56  Drone  
  30  3:01  Drone  
  30  3:03  Drone  
  32  3:08  Drone  
  32  3:10  Drone  
  34  3:15  Spore Crawler  
  33  3:20  Drone  
  33  3:21  Drone  
  33  3:26  Spore Crawler  
  34  3:27  Drone  
  34  3:30  Drone  
  34  3:33  Drone  
  37  3:35  Drone  
  37  3:38  Drone  
  37  3:40  Drone  
  40  3:50  Lair  
  40  3:51  Evolution Chamber  
  40  3:52  Drone  
  40  3:55  Extractor  
  40  3:58  Extractor  
  40  4:02  Drone x2  
  40  4:03  Drone  
  41  4:12  Drone x3  
  41  4:13  Overlord  
  41  4:14  Overlord  
  44  4:24  Overlord x2  
  44  4:29  Zerg Melee Weapons Level 1  
  44  4:36  Zergling x8  
  44  4:37  Zergling x2  
  49  4:39  Zergling x2  
  50  4:46  Pneumatized Carapace  
  50  4:48  Drone x2  
  50  4:49  Drone  
  50  4:52  Drone  
  54  4:55  Glial Reconstitution  
  54  5:02  Hydralisk Den  
  54  5:04  Overseer x3  
  53  5:10  Roach x2  
  53  5:13  Roach  
  59  5:21  Roach  
  59  5:22  Roach x2  
  59  5:23  Zergling x2  
  59  5:25  Zergling x2  
  67  5:38  Roach x3  
  67  5:39  Roach  
  67  5:40  Overlord  
  75  5:43  Overlord  
  75  5:49  Muscular Augments  
  75  5:58  Zergling x6  
  75  5:59  Zergling x2, Infestation Pit  
  75  6:06  Drone x4  
  76  6:25  Zerg Ground Armor Level 1  
  76  6:27  Hydralisk x3  
  76  6:28  Hydralisk  
  76  6:30  Hydralisk  
  86  6:43  Hatchery  
  85  6:49  Hydralisk  
  85  6:50  Hydralisk  
  85  6:51  Hydralisk  
  91  6:58  Hive  
  91  7:11  Spire, Overlord  
  91  7:13  Overlord  
  91  7:15  Overlord  
  90  7:20  Drone  
  91  7:31  Drone  
  91  7:32  Drone x2  
  91  7:36  Lurker Den  
  94  7:37  Hydralisk x3  
  94  7:42  Hydralisk  
  102  7:56  Queen  
  102  7:58  Drone x6  
  109  7:59  Drone  
  109  8:00  Drone  
  112  8:11  Zergling x6  
  112  8:12  Zergling x8  
  117  8:18  Zergling x2  
  113  8:22  Adrenal Glands  
  113  8:28  Zerg Flyer Weapons Level 1  
  113  8:29  Mutalisk x2  
  117  8:51  Zerg Melee Weapons Level 2  
  117  8:52  Extractor x2  
  115  8:57  Mutalisk  
  115  8:58  Mutalisk x2  
  115  8:59  Evolution Chamber, Mutalisk  
  115  9:01  Overlord x2  
  115  9:02  Overlord x2  
  122  9:04  Overlord  
  122  9:13  Overlord x2  
  122  9:14  Overlord  
  122  9:26  Drone  
  122  9:27  Drone x2  
  125  9:37  Burrow  
  125  9:41  Zergling x2  
  125  9:42  Zergling x12  
  123  9:52  Zergling x4  
  121  9:53  Zergling x12  
  120  10:01  Zergling x4  
  120  10:07  Zergling x10  
  120  10:11  Queen  
  121  10:26  Mutalisk x7  
  121  10:27  Mutalisk  
  136  10:41  Greater Spire, Mutalisk x3  
  142  10:45  Zerg Missile Weapons Level 1  
  142  10:47  Queen  
  144  11:00  Queen  
  146  11:08  Drone  
  146  11:09  Drone x5  
  152  11:23  Queen  
  154  11:36  Queen  
  152  12:08  Nydus Network  
  152  12:10  Mutalisk x2  
  152  12:11  Mutalisk x5  
  152  12:13  Mutalisk  
  152  12:14  Mutalisk  
  160  12:16  Zergling x4  
  160  12:17  Overlord x4  
  160  12:18  Overlord x3  
  161  12:22  Zergling x2  
  161  12:23  Zergling x2  
  160  12:33  Zergling x2  
  160  12:34  Zergling x2  
  162  12:38  Zergling x2  
  162  12:39  Zergling x22  
  154  13:01  Hatchery  
Show
View Real Time Build Order
Export as new Build Order

Fropez Protoss 

Build Orders: 1 Gate Expand 

Get SALT Encoding   

  12  0:01  Probe (Chrono Boost)  
  13  0:11  Probe (Chrono Boost)  
  14  0:21  Pylon  
  14  0:23  Probe (Chrono Boost)  
  15  0:40  Gateway  
  15  0:42  Probe (Chrono Boost)  
  16  0:48  Assimilator  
  16  0:55  Probe (Chrono Boost)  
  17  1:05  Probe (Chrono Boost), Gateway  
  18  1:30  Probe (Chrono Boost)  
  18  1:31  Pylon  
  19  1:40  Nexus  
  19  1:50  Pylon  
  19  1:54  Probe (Chrono Boost)  
  20  2:08  Pylon  
  20  2:11  Assimilator  
  20  2:13  Probe (Chrono Boost)  
  21  2:26  Probe (Chrono Boost)  
  21  2:27  Pylon  
  22  2:39  Probe (Chrono Boost)  
  23  2:48  Cybernetics Core  
  23  2:50  Probe (Chrono Boost)  
  24  2:56  Pylon  
  24  3:00  Gateway  
  24  3:09  Probe x2 (Chrono Boost)  
  26  3:23  Gateway  
  26  3:25  Gateway  
  26  3:31  Gateway  
  26  3:35  Probe (Chrono Boost)  
  27  3:44  Warp Gate  
  27  3:45  Mothership Core (Chrono Boost)  
  29  3:51  Probe (Chrono Boost)  
  30  4:01  Pylon  
  30  4:04  Probe (Chrono Boost)  
  31  4:13  Stargate  
  31  4:15  Stargate  
  31  4:17  Adept  
  33  4:23  Adept x3  
  39  4:26  Adept  
  41  4:31  Adept  
  43  4:44  Adept  
  45  4:48  Twilight Council  
  45  4:50  Probe (Chrono Boost)  
  45  4:52  Probe (Chrono Boost)  
  47  4:58  Adept  
  49  5:01  Probe (Chrono Boost)  
  50  5:13  Probe (Chrono Boost)  
  50  5:14  Probe (Chrono Boost)  
  52  5:16  Adept x2  
  52  5:18  Adept  
  58  5:25  Pylon  
  58  5:29  Probe (Chrono Boost)  
  58  5:30  Probe (Chrono Boost)  
  60  5:47  Probe x2 (Chrono Boost)  
  62  6:00  Blink (Chrono Boost)  
  62  6:07  Stalker x5  
  62  6:08  Stalker  
  63  6:18  Probe (Chrono Boost)  
  63  6:21  Forge  
  63  6:22  Assimilator  
  63  6:25  Assimilator  
  63  6:33  Pylon  
  63  6:39  Pylon  
  63  6:45  Adept x5  
  73  6:53  Protoss Ground Weapons Level 1 (Chrono Boost)  
  73  6:58  Probe x2  
  75  7:10  Probe x2  
  77  7:20  Adept x2  
  77  7:21  Adept x4  
  77  7:22  Probe x2  
  91  7:49  Adept x4  
  91  7:50  Adept  
  101  7:57  Pylon  
  101  8:00  Pylon  
  101  8:10  Pylon  
  97  8:13  Pylon  
  79  8:21  Stalker x3  
  79  8:22  Stalker x3  
  89  8:45  Stalker x2  
  89  8:46  Stalker x3  
  97  8:54  Pylon  
  74  10:15  Stalker x5  
  74  10:16  Stalker  
  84  10:21  Nexus  
  84  10:24  Assimilator  
  84  10:26  Assimilator  
  84  10:27  Probe x2  
  84  10:30  Pylon  
  84  10:32  Pylon  
  74  10:42  Protoss Ground Weapons Level 2 (Chrono Boost)  
  74  10:44  Stalker x5  
  84  10:55  Probe  
  84  10:56  Probe  
  86  11:11  Templar Archives  
  86  11:17  Gateway, Stalker x3  
  86  11:18  Stalker x2  
  96  11:21  Pylon  
  96  11:42  Forge  
  96  11:46  Probe  
  96  11:47  Probe x2  
  96  11:53  Photon Cannon x2  
  99  11:54  Photon Cannon  
  99  11:55  Pylon  
  99  12:05  Stalker  
  99  12:06  Stalker  
  61  12:31  High Templar x5  
  61  12:36  Archon x2  
  61  12:58  High Templar  
Tags
 
League
GoldGold
Matchup
PvZ
Replay Pack
All Mines
Spawn Locations
Cross Positions
Add a new tag
Caveats
  • Supply blocks, unpowered buildings, or Contaminate may cause inaccurate times.
  • Supply counts are checked every 10 seconds.